[Event "56th Biel Festival MTO 2023"]
[White "Wang,Chen"]
[Black "Rosen,Eric"]
[Site "Biel"]
[Round "9.16"]
[Annotator "ChessBase"]
[Result "1/2-1/2"]
[Date "2023.07.27"]
[WhiteElo "2477"]
[BlackElo "2344"]
[PlyCount "71"]
[TimeControl "60"]

1. e4 c5 2. Nf3 e6 3. g3 d5 4. Nc3 d4 5. Ne2 Nc6 6. d3 e5 7. Bg2 Be7 8. O-O h5 9. h3 Be6 10. Ne1 Qd7 11. Kh2 h4 12. g4 g5 13. c4 f6 14. f3 Bd6 15. Rf2 a6 16. Bf1 Nge7 17. Ng1 Kf7 18. b3 b5 19. Rc2 Rhb8 20. Bd2 Qb7 21. Ne2 a5 22. a4 bxc4 23. bxc4 Ra6 24. Rca2 Rb6 25. Nc2 Nb4 26. Na3 Nxa2 27. Rxa2 Nc6 28. Nb5 Nb4 29. Bxb4 axb4 30. Nc1 Ra8 31. Qc2 Be7 32. Be2 Rba6 33. Bd1 Rc8 34. Kg2 Qa8 35. Kf1 Bd8 36. Qb3 1/2-1/2

[Event "56th Biel Festival MTO 2023"]
[White "Sanchez Alvarez,Roberto Carlos"]
[Black "Aarav Dengla"]
[Site "Biel"]
[Round "9.17"]
[Annotator "ChessBase"]
[Result "1-0"]
[Date "2023.07.27"]
[WhiteElo "2444"]
[BlackElo "2343"]
[PlyCount "71"]
[TimeControl "60"]

1. d4 d5 2. c4 c6 3. Nf3 Nf6 4. Qb3 dxc4 5. Qxc4 Bf5 6. g3 e6 7. Bg2 Nbd7 8. O-O h6 9. Nc3 Be7 10. Re1 Ne4 11. Qb3 Qb6 12. Nh4 Bxh4 13. gxh4 Ndf6 14. f3 Nxc3 15. bxc3 e5 16. e4 Be6 17. Qa3 Nd7 18. f4 exd4 19. cxd4 Qxd4+ 20. Be3 Qf6 21. Rac1 Qxh4 22. f5 Bxa2 23. Qxa2 Ne5 24. Bf2 Qg5 25. Qa3 Rd8 26. Rcd1 Ng4 27. Bxa7 Ra8 28. Qd6 Rd8 29. Qc5 Rd2 30. Rxd2 Qxd2 31. Rb1 Qd7 32. e5 Kd8 33. Bb6+ Ke8 34. Ra1 Qd2 35. e6 fxe6 36. fxe6 1-0

[Event "56th Biel Festival MTO 2023"]
[White "Pham,Le Thao Nguyen"]
[Black "Weishaeutel,Moritz"]
[Site "Biel"]
[Round "9.18"]
[Annotator "ChessBase"]
[Result "1/2-1/2"]
[Date "2023.07.27"]
[WhiteElo "2369"]
[BlackElo "2442"]
[PlyCount "47"]
[TimeControl "60"]

1. d4 d5 2. Nf3 c5 3. c3 Nf6 4. Bf4 Nc6 5. Nbd2 cxd4 6. cxd4 Qb6 7. Qb3 Nxd4 8. Qxb6 Nxf3+ 9. exf3 axb6 10. Bc7 Nd7 11. Bb5 g6 12. a3 Bg7 13. O-O-O O-O 14. Nb3 Ne5 15. Nd4 Nc4 16. Rhe1 Ra5 17. a4 e5 18. Nc2 Bf5 19. Rxd5 Bh6+ 20. Ne3 Rc8 21. Rd8+ Rxd8 22. Bxd8 Ra8 23. Bxc4 Rxd8 24. b3 1/2-1/2

[Event "56th Biel Festival MTO 2023"]
[White "Karthik Rajaa"]
[Black "Materia,Marco"]
[Site "Biel"]
[Round "9.19"]
[Annotator "ChessBase"]
[Result "1/2-1/2"]
[Date "2023.07.27"]
[WhiteElo "2276"]
[BlackElo "2436"]
[PlyCount "44"]
[TimeControl "60"]

1. d4 Nf6 2. c4 e6 3. Nf3 d5 4. g3 Be7 5. Bg2 O-O 6. O-O c6 7. Qc2 b6 8. Nbd2 c5 9. e4 Nc6 10. e5 Nd7 11. a3 Bb7 12. cxd5 exd5 13. Re1 Rc8 14. Bh3 cxd4 15. Qb1 f6 16. exf6 Bxf6 17. b4 d3 18. Bb2 Rc7 19. Bxf6 Qxf6 20. Re6 Qc3 21. Qe1 Nd8 22. Bg2 Nf7 1/2-1/2

[Event "56th Biel Festival MTO 2023"]
[White "Rohith Krishna S"]
[Black "Lohia,Sohum"]
[Site "Biel"]
[Round "9.20"]
[Annotator "ChessBase"]
[Result "1-0"]
[Date "2023.07.27"]
[WhiteElo "2429"]
[BlackElo "2247"]
[PlyCount "60"]
[TimeControl "60"]

1. Nf3 Nf6 2. g3 e6 3. Bg2 d5 4. O-O Be7 5. d3 c5 6. Nbd2 Nc6 7. e4 O-O 8. Re1 Qc7 9. e5 Nd7 10. Qe2 b5 11. Nf1 Bb7 12. h4 Rfc8 13. Bf4 a5 14. N1h2 Qd8 15. c3 a4 16. a3 d4 17. cxd4 cxd4 18. Ng5 h6 19. Ne4 Bf8 20. Qh5 Qe8 21. Qe2 Qd8 22. Ng4 Na5 23. Bxh6 Bxe4 24. Bg5 Be7 25. Bxe7 Qxe7 26. Bxe4 Ra7 27. h5 Rc2 28. h6 Nf8 29. Kh2 Qb4 30. Nf6+ Kh8 1-0

[Event "56th Biel Festival MTO 2023"]
[White "Huang,Qian"]
[Black "Coles,Ruben"]
[Site "Biel"]
[Round "9.21"]
[Annotator "ChessBase"]
[Result "1-0"]
[Date "2023.07.27"]
[WhiteElo "2422"]
[BlackElo "2167"]
[PlyCount "59"]
[TimeControl "60"]

1. Nf3 d5 2. g3 Nf6 3. Bg2 e6 4. c4 Be7 5. O-O O-O 6. b3 b6 7. Bb2 Bb7 8. cxd5 exd5 9. e3 Nbd7 10. Nc3 Re8 11. Rc1 Bf8 12. d3 a6 13. Re1 c5 14. d4 Rc8 15. dxc5 bxc5 16. Ne2 Nb6 17. Nf4 Bd6 18. Nh4 Bxf4 19. gxf4 Bc6 20. Rxc5 Ne4 21. Bxe4 Qxh4 22. Bg2 Qh6 23. Qd4 Bb7 24. Rec1 Rxc5 25. Rxc5 Nc8 26. Bxd5 Qg6+ 27. Kf1 Bxd5 28. Rxd5 h6 29. f5 Qg5 30. h4 1-0

[Event "56th Biel Festival MTO 2023"]
[White "Sutter,Oliver"]
[Black "Licznerski,Lukasz"]
[Site "Biel"]
[Round "9.22"]
[Annotator "ChessBase"]
[Result "1/2-1/2"]
[Date "2023.07.27"]
[WhiteElo "2313"]
[BlackElo "2430"]
[PlyCount "48"]
[TimeControl "60"]

1. d4 Nf6 2. Nf3 g6 3. Bg5 Bg7 4. Nbd2 h6 5. Bh4 d6 6. c3 b6 7. e4 g5 8. Bg3 Bb7 9. Bd3 Nh5 10. Qe2 e6 11. O-O-O Nd7 12. Ba6 Qc8 13. Bxb7 Qxb7 14. Kb1 b5 15. e5 d5 16. Nb3 a5 17. Nc5 Nxc5 18. dxc5 Bf8 19. c6 Qxc6 20. Nd4 Nxg3 21. fxg3 Qb6 22. Rhf1 Bg7 23. Qh5 O-O 24. h4 Bxe5 1/2-1/2

[Event "56th Biel Festival MTO 2023"]
[White "Jinan Jomon"]
[Black "Ermitsch,Magnus"]
[Site "Biel"]
[Round "9.23"]
[Annotator "ChessBase"]
[Result "1-0"]
[Date "2023.07.27"]
[WhiteElo "2409"]
[BlackElo "2232"]
[PlyCount "53"]
[TimeControl "60"]

1. c4 c6 2. Nf3 d5 3. e3 Nf6 4. Nc3 e6 5. b3 Nbd7 6. d4 Bb4 7. Bd2 O-O 8. Be2 b6 9. O-O Qe7 10. Qc2 Bb7 11. Rad1 Rac8 12. Qb2 Rfd8 13. Rfe1 c5 14. cxd5 cxd4 15. Nxd4 exd5 16. Nb1 g6 17. Bxb4 Qxb4 18. Nd2 Qe7 19. Bf1 Ne4 20. Nxe4 dxe4 21. Nb5 Ra8 22. Rd4 Nc5 23. Red1 Qg5 24. Nd6 Qg4 25. f4 Qe6 26. h3 Kf8 27. Kh2 1-0

[Event "56th Biel Festival MTO 2023"]
[White "Ajay Krishna,S."]
[Black "Wang,Chuqiao"]
[Site "Biel"]
[Round "9.24"]
[Annotator "ChessBase"]
[Result "1-0"]
[Date "2023.07.27"]
[WhiteElo "2390"]
[BlackElo "2161"]
[PlyCount "77"]
[TimeControl "60"]

1. Nf3 Nf6 2. c4 e6 3. g3 d5 4. Bg2 c5 5. cxd5 exd5 6. d4 Nc6 7. O-O Be7 8. Nc3 O-O 9. dxc5 Bxc5 10. a3 a5 11. Bg5 d4 12. Ne4 Be7 13. Bxf6 Bxf6 14. Rc1 Re8 15. Ne1 Qe7 16. Nd3 Rb8 17. Nf4 Qd8 18. Qb3 Be5 19. Nd5 Bd6 20. Qb5 Be6 21. Nxd6 Qxd6 22. Nf4 Bd7 23. Rfe1 Rec8 24. Qb6 Be8 25. Red1 Qe7 26. Qb5 Rd8 27. Qc5 Kf8 28. Qh5 Kg8 29. Qc5 Kf8 30. Qf5 Kg8 31. Nd5 Qd7 32. Qg5 Qd6 33. e3 dxe3 34. Nxe3 Qg6 35. Qf4 h6 36. h4 Qe6 37. Qc7 Rd7 38. Rxd7 Qxd7 39. Rxc6 1-0

[Event "56th Biel Festival MTO 2023"]
[White "Schnepp,Gunnar"]
[Black "Haimovich,Tal"]
[Site "Biel"]
[Round "9.25"]
[Annotator "ChessBase"]
[Result "1-0"]
[Date "2023.07.27"]
[WhiteElo "2278"]
[BlackElo "2374"]
[PlyCount "103"]
[TimeControl "60"]

1. e4 c5 2. Nf3 e6 3. d4 cxd4 4. Nxd4 Nc6 5. Nc3 d6 6. Be2 Nf6 7. O-O Be7 8. Be3 O-O 9. f4 e5 10. Nb3 exf4 11. Rxf4 Nd7 12. Rf1 Nde5 13. Nd5 Bg5 14. Qd2 Bxe3+ 15. Qxe3 Be6 16. Rad1 Re8 17. c4 b6 18. a3 Rc8 19. Qg3 Ng6 20. Ne3 Nce5 21. Nd4 Re7 22. Ndf5 Rd7 23. Rd2 Qc7 24. Rf4 Rcd8 25. h4 f6 26. h5 Nf8 27. h6 g6 28. Ng7 Rf7 29. b3 a5 30. Kh1 Qc5 31. a4 Qc7 32. Bg4 Nxg4 33. Nxg4 Bxg4 34. Qxg4 Qc5 35. Qg3 Rfd7 36. Rd5 Qa3 37. Nf5 Qb2 38. Nxd6 Ne6 39. Nf5 Rxd5 40. Ne7+ Kf7 41. Nxd5 Qe2 42. Rf2 Qh5+ 43. Kg1 Qxh6 44. Rf1 Kg7 45. Qc3 Qg5 46. Rxf6 Nd4 47. Qxd4 Rxd5 48. cxd5 Qxf6 49. Qxf6+ Kxf6 50. d6 h5 51. e5+ Ke6 52. g4 1-0

[Event "56th Biel Festival MTO 2023"]
[White "Vasquez Toledo,Cristian"]
[Black "Sukandar,Irine Kharisma"]
[Site "Biel"]
[Round "9.26"]
[Annotator "ChessBase"]
[Result "0-1"]
[Date "2023.07.27"]
[WhiteElo "2233"]
[BlackElo "2358"]
[PlyCount "88"]
[TimeControl "60"]

1. e4 e5 2. Nf3 Nc6 3. Bc4 Bc5 4. c3 Nf6 5. d3 d6 6. O-O a5 7. Bb3 h6 8. Re1 O-O 9. h3 Re8 10. Nbd2 Ba7 11. Nf1 Be6 12. Ba4 Rb8 13. Ng3 b5 14. Bc2 d5 15. exd5 Bxd5 16. Be3 Bb6 17. Bxb6 Rxb6 18. Re3 b4 19. Ba4 bxc3 20. bxc3 Re6 21. Nd2 Ne7 22. Qe1 Ng6 23. c4 Ba8 24. Nf3 c5 25. Bb5 Rbd6 26. Nxe5 Nf4 27. f3 g6 28. Qc3 h5 29. Rae1 h4 30. Nh1 Bb7 31. Nf2 Rd4 32. Neg4 Nxg4 33. hxg4 Qc7 34. Ne4 Bxe4 35. fxe4 Qd8 36. Rf1 Qg5 37. Qxa5 Qxg4 38. Rf2 Nxd3 39. Rfe2 Nf4 40. Rf2 Rd1+ 41. Kh2 g5 42. Qa7 Red6 43. Qxc5 R6d2 44. Ref3 Qxg2+ 0-1

[Event "56th Biel Festival MTO 2023"]
[White "Besou,Hussain"]
[Black "Kocharin,Timur"]
[Site "Biel"]
[Round "9.27"]
[Annotator "ChessBase"]
[Result "1-0"]
[Date "2023.07.27"]
[WhiteElo "2348"]
[BlackElo "2225"]
[PlyCount "93"]
[TimeControl "60"]

1. d4 Nf6 2. c4 e6 3. Nc3 d5 4. cxd5 exd5 5. Bg5 Bb4 6. Nf3 h6 7. Bh4 g5 8. Bg3 Ne4 9. Nd2 Nxg3 10. hxg3 c6 11. e3 Bf5 12. Nf3 Be7 13. Bd3 Bxd3 14. Qxd3 Na6 15. Ne5 Bf6 16. Nxc6 Qc7 17. Ne5 Bxe5 18. dxe5 Qxe5 19. Qxd5 Qxd5 20. Nxd5 O-O-O 21. O-O-O Nc5 22. f3 Ne6 23. g4 Ng7 24. e4 h5 25. gxh5 Rxh5 26. Rxh5 Nxh5 27. Rh1 Ng3 28. Rh7 Ne2+ 29. Kc2 Rd7 30. Nf6 Rd8 31. Rxf7 Nd4+ 32. Kc3 Ne2+ 33. Kc4 Nf4 34. Nd5 Nxg2 35. e5 Nh4 36. Rf6 Kd7 37. e6+ Kc8 38. Kc5 Re8 39. a4 Nxf3 40. Rxf3 Rxe6 41. Rf8+ Kd7 42. Rf7+ Kc8 43. Rg7 b6+ 44. Kd4 Re2 45. b4 Kb8 46. Rxg5 Ra2 47. Nc3 1-0

[Event "56th Biel Festival MTO 2023"]
[White "Zhang,Lanlin"]
[Black "Urh,Zala"]
[Site "Biel"]
[Round "9.28"]
[Annotator "ChessBase"]
[Result "1-0"]
[Date "2023.07.27"]
[WhiteElo "2194"]
[BlackElo "2231"]
[PlyCount "73"]
[TimeControl "60"]

1. e4 c5 2. Nf3 e6 3. d4 cxd4 4. Nxd4 Nf6 5. Bd3 Nc6 6. Nxc6 bxc6 7. O-O d5 8. Nd2 Bd6 9. Qe2 Qc7 10. h3 O-O 11. c4 d4 12. Nb3 e5 13. c5 Be7 14. f4 Nd7 15. f5 a5 16. a4 Rb8 17. Qc2 Qa7 18. Bd2 Nxc5 19. Nxa5 Nxd3 20. Nxc6 Qc7 21. Nxe7+ Qxe7 22. Qxd3 Qh4 23. b4 Bb7 24. Rae1 Kh8 25. f6 g5 26. Re2 Rg8 27. Be1 Qh5 28. Bg3 Rbc8 29. Rc2 g4 30. h4 Qh6 31. Rxc8 Rxc8 32. Bxe5 Qxh4 33. Bg3 Qg5 34. Qxd4 h5 35. Rf5 Qh6 36. Bf4 Qg6 37. Qe5 1-0

[Event "56th Biel Festival MTO 2023"]
[White "Jain Kashish Manoj"]
[Black "Collin,Moritz Valentin"]
[Site "Biel"]
[Round "9.29"]
[Annotator "ChessBase"]
[Result "1-0"]
[Date "2023.07.27"]
[WhiteElo "2375"]
[BlackElo "2132"]
[PlyCount "69"]
[TimeControl "60"]

1. e4 c6 2. d4 d5 3. e5 Bf5 4. Nf3 e6 5. Be2 Ne7 6. O-O Ng6 7. a4 c5 8. Be3 Nc6 9. dxc5 Qc7 10. Nd4 Nxd4 11. Qxd4 Nxe5 12. Na3 a6 13. b4 Be7 14. Bf4 Bf6 15. Qe3 O-O-O 16. Rae1 g5 17. Bg3 d4 18. Qb3 h5 19. Nc4 h4 20. Bxe5 Bxe5 21. Nxe5 Qxe5 22. Bxa6 Qf4 23. Bb5 d3 24. Re3 dxc2 25. c6 Rd2 26. cxb7+ Kb8 27. Rc3 h3 28. Ba6 hxg2 29. Rc8+ Ka7 30. Qe3+ Kxa6 31. Rc6+ Kxb7 32. Qb6+ Ka8 33. Qa6+ Kb8 34. Qb5+ Ka7 35. Ra6# 1-0